 Dungeon Crawl Stone Soup version 0.18.1-8-gdd0e5ea (webtiles) character file.

550 Neebert the Ruffian (level 7, -2/100 HPs)
             Began as a Troll Monk on May 26, 2016.
             Was an Initiate of Cheibriados.
             Slain by a hellwing (6 damage)
             ... created by the fury of Makhleb
             ... on level 4 of the Dungeon.
             The game lasted 00:19:57 (2877 turns).

Neebert the Ruffian (Troll Monk)                    Turns: 2877, Time: 00:19:57

Health: -2/100     AC:  5    Str: 26    XL:     7   Next: 7%
Magic:  6/6        EV: 12    Int: 12    God:    Cheibriados [......]
Gold:   174        SH:  0    Dex: 15    Spells: 0 memorised, 6 levels left

rFire  . . .     SeeInvis .       - Unarmed
rCold  . . .     Gourm    +     a - +0 robe
rNeg   . . .     Faith    .     (no shield)
rPois  .         Spirit   .     (helmet restricted)
rElec  .         Dismiss  .     (no cloak)
rCorr  .         Reflect  .     (gloves unavailable)
SustAt .         Harm     .     (boots unavailable)
MR     .....                    (no amulet)
Stlth  ..........               (no ring)
                                (no ring)

@: brilliant, berserking, slow, not resistant to hostile enchantments, extremely
unstealthy
A: unfitting armour, claws 3, fast metabolism 3, gourmand, regeneration 2,
shaggy fur 1, tough skin 2
a: Bend Time, Renounce Religion


You were on level 4 of the Dungeon.
You worshipped Cheibriados.
Cheibriados was noncommittal.
You were very full.

You visited 2 branches of the dungeon, and saw 5 of its levels.

You collected 174 gold pieces.

Inventory:

Armour
 a - a +0 robe (worn)
Jewellery
 q - an uncursed ring of protection from magic {unknown}
 u - a cursed amulet of inaccuracy {unknown}
Wands
 t - a wand of flame (1/48)
Scrolls
 c - 2 scrolls of amnesia {unknown}
 f - 3 scrolls of identify {unknown}
 g - 3 scrolls of enchant weapon {unknown}
 h - 3 scrolls of teleportation {unknown}
 k - 3 scrolls of remove curse {unknown}
 l - 2 scrolls of immolation {unknown}
 n - a scroll of recharging {unknown}
 o - a scroll of blinking {unknown}
Potions
 d - a potion of brilliance
 e - a potion of berserk rage
 j - 2 potions of heal wounds {unknown}
 r - a potion of lignification {unknown}
 s - a potion of cancellation {unknown}
Comestibles
 b - 3 bread rations
 i - a beef jerky
 m - 2 meat rations
 p - 5 fruits


   Skills:
 + Level 3.4 Fighting
 + Level 4.2 Dodging
 - Level 1.1 Stealth
 * Level 6.7 Unarmed Combat


You had 6 spell levels left.
You didn't know any spells.

Dungeon Overview and Level Annotations

Branches:
Dungeon (4/15)             Temple (1/1) D:4

Altars:
Ashenzari
Cheibriados
Dithmenos
Elyvilon
Fedhas
Gozag
Makhleb
Nemelex Xobeh
Okawaru
Ru
Trog
Vehumet
Xom
Yredelemnul
The Shining One


Innate Abilities, Weirdness & Mutations

You are too large for most types of armour.
You have claws for hands.
Your metabolism is lightning-fast.
You like to eat raw meat.
You heal very quickly.
You are covered in fur (AC +1).
You have very tough skin (AC +2).


Message History

* * * LOW HITPOINT WARNING * * *
The hellwing closely misses you. The hellwing hits you.
* * * LOW HITPOINT WARNING * * *
The hellwing hits you.
* * * LOW HITPOINT WARNING * * *
Put on which piece of jewellery? (? for menu, Esc to quit)
Okay, then.
It was a potion of brilliance.
You feel clever all of a sudden. The hellwing misses you.
The hellwing barely misses you.
It was a potion of berserk rage.
A red film seems to cover your vision as you go berserk!
Cheibriados protects you from inadvertent hurry.
You feel mighty!
The hellwing hits you but does no damage. x2
You barely miss the hellwing.
The hellwing is moderately wounded.
The hellwing closely misses you. The hellwing hits you.
You die...

............## ##.###
###.........# ##....>
[#####.....##.#.###.#####
###.........[.......#....#
..........#'#...####.###.#
#...##>..'_'...# ### #.#
#..##...#'#...# ##.###
##.#........#.# #.....
..#.#.....4@..#.# #..###
#........#####.# #..#
#.##.....# .# #..# ##...##
#..# ##.## #..# #.# #..#
..# #..### #### #.# #.....
#.# #.####


You could see a hellwing.

Vanquished Creatures
  Sigmund (D:4)
  Menkaure (D:4)
  A crimson imp (D:4)
  Jessica (D:3)
  Robin (D:3)
  4 gnolls (D:3)
  4 adders
  An ooze (D:3)
  3 worms
  2 dart slugs
  2 giant geckos
  3 orcs (D:3)
  2 giant cockroaches (D:1)
  13 goblins
  9 hobgoblins
  13 jackals
  13 kobolds
  2 ball pythons
  8 bats
  5 giant newts
  A jackal skeleton (D:4)
  6 rats
96 creatures vanquished.

Notes
Turn   | Place    | Note
--------------------------------------------------------------
     0 | D:1      | Neebert the Troll Monk began the quest for the Orb.
     0 | D:1      | Reached XP level 1. HP: 22/22 MP: 0/0
    86 | D:1      | Reached XP level 2. HP: 29/29 MP: 1/1
   327 | D:1      | Found a glowing golden altar of the Shining One.
   563 | D:1      | Reached XP level 3. HP: 36/36 MP: 2/2
  1203 | D:2      | Reached XP level 4. HP: 41/44 MP: 3/3
  1267 | D:2      | Reached skill level 5 in Unarmed Combat
  1688 | D:3      | Found a faded altar to an unknown god.
  1746 | D:3      | Noticed Jessica
  1765 | D:3      | Killed Jessica
  1841 | D:3      | Reached XP level 5. HP: 52/52 MP: 4/4
  1986 | D:3      | Noticed Robin
  1997 | D:3      | Killed Robin
  2382 | D:4      | Found a burning altar of Makhleb.
  2383 | D:4      | Found a radiant altar of Vehumet.
  2398 | D:4      | Became a worshipper of Makhleb the Destroyer
  2398 | D:4      | Reached * piety under Makhleb
  2398 | D:4      | Reached ** piety under Makhleb
  2537 | D:4      | Noticed Menkaure
  2545 | D:4      | Killed Menkaure
  2545 | D:4      | Reached skill level 6 in Unarmed Combat
  2545 | D:4      | Reached XP level 6. HP: 34/61 MP: 5/5
  2547 | D:4      | Found a staircase to the Ecumenical Temple.
  2556 | Temple   | Entered the Ecumenical Temple
  2658 | Temple   | Fell from the grace of Makhleb
  2658 | Temple   | Became a worshipper of Cheibriados the Contemplative
  2803 | D:4      | Noticed Sigmund
  2832 | D:4      | Killed Sigmund
  2832 | D:4      | Reached XP level 7. HP: 32/67 MP: 6/6
  2844 | D:4      | Found a white marble altar of Elyvilon.
  2864 | D:4      | Noticed a hellwing
  2874 | D:4      | HP: 1/67 [hellwing[the fury of Makhleb] (6)]
  2877 | D:4      | Slain by a hellwing

Skill      XL: |  1  2  3  4  5  6 |
---------------+-------------------+-----
Unarmed Combat | 5 6 |  6.7
Dodging        | 3 4 |  4.2
Fighting       | 3 |  3.4
Stealth        | |  1.1

Action                   |  1- 3 |  4- 6 |  7- 9 || total
-------------------------+-------+-------+-------++-------
Melee: Unarmed           |    84 |   140 |     7 ||   231
       Punch             |     3 |     4 |       ||     7
  Use: Potion            |       |       |     2 ||     2
 Stab: Sleeping          |       |     1 |       ||     1
  Eat: Chunk             |    16 |    13 |     1 ||    30
Armor: Robe              |    32 |    62 |     3 ||    97
Dodge: Dodged            |    31 |    85 |     6 ||   122
